 Dungeon Crawl Stone Soup version 0.21.1-1-g345015f (webtiles) character file.

63 Fang the Skirmisher (level 4, -1/29 HPs)
             Began as a Gargoyle Berserker on May 14, 2018.
             Was a Believer of Trog.
             Slain by a worm (2 damage)
             ... on level 2 of the Dungeon.
             The game lasted 00:04:44 (841 turns).

Fang the Skirmisher (Gargoyle Berserker)             Turns: 841, Time: 00:04:44

Health: -1/29      AC:  5    Str: 21 (22) XL:     4   Next: 9%
Magic:  0/4        EV: 12    Int:  4 (7)  God:    Trog [**....]
Gold:   31         SH:  0    Dex:  8 (9)  Spells: 3/3 levels left

rFire    . . .     SeeInvis .   a - +0 hand axe
rCold    . . .     Gourm    .   (no shield)
rNeg     + . .     Faith    .   b - +0 animal skin
rPois    ∞         Spirit   +   (no helmet)
rElec    +         Reflect  .   (no cloak)
rCorr    .         Harm     .   (no gloves)
MR       .....                  (no boots)
Stlth    +.........             g - amulet of guardian spirit
HPRegen  0.09/turn              (no ring)
MPRegen  0.09/turn              (no ring)

@: berserk cooldown, hasted and slowed
A: negative energy resistance 1, electricity resistance, unbreathing,
petrification resistance, rot immunity, AC +3
a: Berserk, Trog's Hand, Burn Spellbooks, Renounce Religion


You were on level 2 of the Dungeon.
You worshipped Trog.
Trog was pleased with you.
You were hungry.

You visited 1 branch of the dungeon, and saw 2 of its levels.

You collected 31 gold pieces.

Inventory:

Hand Weapons
 a - a +0 hand axe (weapon)
Armour
 b - a +0 animal skin (worn)
Jewellery
 g - an amulet of guardian spirit (around neck)
Scrolls
 d - a scroll of identify {unknown}
 h - a scroll of immolation {unknown}
 i - a scroll of enchant weapon {unknown}
 j - 2 scrolls of teleportation {unknown}
Potions
 e - a potion of degeneration
 f - 2 potions of haste
Comestibles
 c - 5 rations


   Skills:
 + Level 3.9 Fighting
 + Level 3.3 Axes
 + Level 2.5 Armour
 + Level 2.1 Dodging
 + Level 0.5 Stealth


You had 3 spell levels left.
You didn't know any spells.

Dungeon Overview and Level Annotations

Branches:
Dungeon (2/15)

Altars:


Innate Abilities, Weirdness & Mutations

You are resistant to torment.
Your stone body is resilient. (AC +3)
You are immune to poison.
You resist negative energy. (rN+)
You are resistant to electric shocks. (rElec)
You can survive without breathing.
You are immune to petrification.
You are immune to rotting.


Message History

You hit the worm.
The worm is moderately wounded.
The worm bites you!
* * * LOW HITPOINT WARNING * * *
Unknown command.
You hit the worm but do no damage.
The worm is moderately wounded.
The worm bites you but does no damage.
It was a potion of haste.
You feel yourself speed up. The worm bites you.
* * * LOW HITPOINT WARNING * * *
It was a potion of degeneration.
There was something very wrong with that liquid.
You feel weakened.
You feel dopey.
You feel clumsy.
You hit the worm but do no damage.
The worm is lightly wounded.
The worm closely misses you.
You hit the worm.
The worm is moderately wounded.
The worm bites you.
You die...

##..####### #.. .. #.##
#.# .# #.# #.##.# . #.#
##.#..##.. #.#
######$.#......
#.######.............
###.##.........†...#...
#....#.######..†.#.....
#......# ###@†?......
#....### #.w##......
###### ..... ..#..#
........ .....
...............
................
.....<..$.......
..............


You could see a worm.

Vanquished Creatures
  2 adders (D:2)
  A worm (D:2)
  4 giant cockroaches
  5 goblins
  5 hobgoblins
  6 jackals
  4 ball pythons
  5 bats
  2 frilled lizards
  A kobold (D:1)
  6 rats
41 creatures vanquished.

Notes
Turn   | Place    | Note
-------+----------+-------------------------------------------
     0 | D:1      | Fang the Gargoyle Berserker began the quest for the Orb.
     0 | D:1      | Reached XP level 1. HP: 14/14 MP: 1/1
     3 | D:1      | Noticed an electric eel
     3 | D:1      | Noticed an electric eel
    58 | D:1      | Reached XP level 2. HP: 18/19 MP: 2/2
   268 | D:1      | Reached ** piety under Trog
   299 | D:1      | Reached XP level 3. HP: 20/24 MP: 0/3
   829 | D:2      | Reached XP level 4. HP: 25/29 MP: 1/4
   838 | D:2      | HP: 1/29 [worm (3)]
   841 | D:2      | Slain by a worm

Skill      XL: |  1  2  3 |
---------------+----------+-----
Axes           | 3 |  3.3
Dodging        | 2 |  2.1
Fighting       | |  3.9
Armour         | |  2.5
Stealth        | |  0.5

Action                   |  1- 3 |  4- 6 || total
-------------------------+-------+-------++-------
Melee: Hand axe          |    98 |     8 ||   106
Invok: Berserk           |     2 |       ||     2
  Use: Potion            |       |     2 ||     2
 Stab: Sleeping          |     2 |       ||     2
  Eat: Chunk             |     1 |       ||     1
Armor: Animal skin       |    35 |     2 ||    37
Dodge: Dodged            |    96 |     3 ||    99
